 Dungeon Crawl Stone Soup version 0.18-a0-1203-gbde16db (webtiles) character file.

116 Ghalim the Skirmisher (level 5, 0/34 HPs)
             Began as a Gargoyle Fighter on Feb 1, 2016.
             Killed by divine providence
             ... invoked by an orc priest
              (15 damage)
             ... on level 3 of the Dungeon.
             The game lasted 00:03:38 (1651 turns).

Ghalim the Skirmisher (Gargoyle Fighter)            Turns: 1651, Time: 00:03:38

Health: 0/34       AC: 10    Str: 26    XL:     5   Next: 0%
Magic:  5/5        EV:  7    Int:  8    God:
Gold:   126        SH:  9    Dex:  9    Spells: 0 memorised, 4 levels left

rFire  . . .     SeeInvis .     a - +0 flail
rCold  . . .     Gourm    .     b - +0 scale mail
rNeg   + . .     Faith    .     c - +0 shield
rPois  ∞         Spirit   .     (no helmet)
rElec  +         Dismiss  .     (no cloak)
rCorr  .         Reflect  .     (no gloves)
SustAt .         Harm     .     (no boots)
MR     .....                    (no amulet)
Stlth  ..........               (no ring)
                                (no ring)

@: mighty, not resistant to hostile enchantments, extremely unstealthy
A: negative energy resistance 1, electricity resistance, unbreathing,
petrification resistance, rot immunity, AC +4
a: no special abilities


You were on level 3 of the Dungeon.
You were not hungry.

You visited 1 branch of the dungeon, and saw 3 of its levels.

You collected 126 gold pieces.

Inventory:

Hand Weapons
 a - a +0 flail (weapon)
Armour
 b - a +0 scale mail (worn)
 c - a +0 shield (worn)
 o - a +2 shield
Jewellery
 j - a cursed -3 ring of protection {unknown}
Scrolls
 i - 2 scrolls of teleportation {unknown}
 k - 4 scrolls of identify {unknown}
 l - 3 scrolls of remove curse {unknown}
 m - 2 scrolls of blinking {unknown}
 p - a scroll of fog {unknown}
 r - a scroll of enchant weapon {unknown}
Potions
 e - 2 potions of curing {unknown}
 h - a potion of invisibility {unknown}
Comestibles
 f - 2 bread rations
 g - a beef jerky
 n - a meat ration
 q - a slice of pizza


   Skills:
 + Level 4.3 Fighting
 * Level 4.2 Maces & Flails
 - Level 3.2 Armour
 - Level 3.2 Shields


You had 4 spell levels left.
You didn't know any spells.

Dungeon Overview and Level Annotations

Branches:
Dungeon (3/15)

Altars:
Nemelex Xobeh
Trog

Annotations:
D:2 Sigmund


Innate Abilities, Weirdness & Mutations

You are resistant to torment.
Your stone body is resilient (AC +4).
You are immune to poison.
You resist negative energy.
You are resistant to electric shocks.
You can survive without breathing.
You are immune to petrification.
You are immune to rotting.


Message History

The worm is heavily wounded.
You block the worm's attack.
An orc comes into view. It is wielding a hand axe.
You sock the worm!
The worm is severely wounded.
You barely miss the worm.
The worm is severely wounded.
The worm barely misses you.
You barely miss the worm.
The worm is severely wounded.
The worm bites you but does no damage.
You hit the worm.
The worm is almost dead.
You block the worm's attack.
The orc priest casts a cantrip, but nothing happens.
Drink which item? (? for menu, Esc to quit)
You feel very mighty all of a sudden.
The orc priest calls down the wrath of Beogh upon you.
Something smites you!
You die...

#.######.#.#####...####...###
##.#...................
###...>..................
#.....########...##......
#.....##...# #...##......
#.....##...###...##.(....
###...##........####...#.
#######...##........##.....#.
.........###@.......##.....#.
######...o.w........##.....#.
#...#####......####...#.
#......# ...............
#......# .###...........
#....... .# #...........
####....# .# ####........
#....# #...†.... #....#
#...#####


You could see a worm and an orc priest.

Vanquished Creatures
  5 adders
  2 oozes
  A giant gecko (D:1)
  4 orcs (D:3)
  5 giant cockroaches
  6 goblins
  7 hobgoblins
  6 jackals
  3 quokkas (D:2)
  4 bats
  2 giant newts
  6 kobolds
  7 rats
58 creatures vanquished.

Notes
Turn   | Place    | Note
--------------------------------------------------------------
     0 | D:1      | Ghalim the Gargoyle Fighter began the quest for the Orb.
     0 | D:1      | Reached XP level 1. HP: 14/14 MP: 1/1
    84 | D:1      | Reached XP level 2. HP: 13/20 MP: 2/2
   733 | D:2      | Found a bloodstained altar of Trog.
   772 | D:2      | Reached XP level 3. HP: 24/24 MP: 3/3
   956 | D:2      | Reached skill level 4 in Fighting
  1106 | D:2      | Reached XP level 4. HP: 29/29 MP: 4/4
  1298 | D:2      | Noticed Sigmund
  1316 | D:3      | Found a sparkling altar of Nemelex Xobeh.
  1618 | D:3      | Reached XP level 5. HP: 34/34 MP: 5/5
  1651 | D:3      | Killed from afar by an orc priest

Vault maps used:
D:1:      ncdulo_watergridlock, minmay_tree_intersection
D:2:      bloody_trog, uniq_sigmund
D:3:      old_standard_altar, nemelex_xobeh_ov_fountains_minmay, first_bread,
          minivault_23

Action                   |  1- 3 |  4- 6 || total
-------------------------+-------+-------++-------
Melee: Flail             |   127 |   107 ||   234
  Use: Potion            |       |     1 ||     1
  Eat: Chunk             |     1 |     2 ||     3
